 Dungeon Crawl Stone Soup version 0.30-a0-772-g5528072125 (webtiles) character file.

Game seed: 5824409192534320846

136 jimonade the Trooper (level 5, -4/54 HPs)
             Began as an Ogre Warper on Feb 13, 2023.
             Slain by an iguana (12 damage)
             ... on level 4 of the Dungeon.
             The game lasted 00:05:13 (3676 turns).

jimonade the Trooper (Ogre Warper)                  Turns: 3676, Time: 00:05:14

Health: -4/54      AC:  3    Str: 17    XL:     5   Next: 19%
Magic:  8/8        EV: 10    Int: 14    God:
Gold:   246        SH:  0    Dex:  8    Spells: 9/9 levels left

rFire   . . .      SeeInvis .    a - +0 mace
rCold   . . .      Faith    .    (no shield)
rNeg    . . .      Spirit   .    b - +0 robe
rPois   .          Reflect  .    (helmet restricted)
rElec   .          Harm     .    (no cloak)
rCorr   .          Rampage  .    (gloves unavailable)
Will    .....                    (boots unavailable)
Stlth   +                        (no amulet)
HPRegen 0.29/turn                (no ring)
MPRegen 0.11/turn                (no ring)

@: no status effects
A: large, unfitting armour, tough skin 1
a: no special abilities


You were on level 4 of the Dungeon.
You visited 1 branch of the dungeon, and saw 4 of its levels.

You collected 246 gold pieces.

Inventory:

Hand Weapons
 a - a +0 mace (weapon)
 m - a +0 sling
Missiles
 d - 7 boomerangs of dispersal (quivered)
 l - 18 stones
 t - 7 poisoned darts
Armour
 b - a +0 robe (worn)
Jewellery
 i - a ring of fire
 n - a ring of fire
 p - an amulet of faith
Wands
 B - a wand of flame (19)
Scrolls
 c - 3 scrolls of blinking
 e - 2 scrolls of identify {unknown}
 h - a scroll of magic mapping {unknown}
 s - a scroll of noise {unknown}
 u - a scroll of enchant weapon {unknown}
 w - a scroll of fog {unknown}
 y - a scroll of vulnerability {unknown}
 z - a scroll of fear {unknown}
 A - a scroll of immolation {unknown}
Potions
 f - 2 potions of magic {unknown}
 g - 3 potions of cancellation {unknown}
 j - 2 potions of curing {unknown}
 k - 2 potions of haste {unknown}
 o - a potion of invisibility {unknown}
 q - a potion of heal wounds {unknown}
 r - a potion of attraction {unknown}
 v - a potion of lignification {unknown}
 x - a potion of mutation {unknown}


   Skills:
 + Level 3.9 Fighting
 * Level 3.7 Maces & Flails
 + Level 1.0 Throwing
 + Level 2.5 Dodging
 + Level 0.2 Stealth
 + Level 2.5 Spellcasting
 + Level 2.9 Translocations


You had 9 spell levels left.
You didn't know any spells.
Your spell library contained the following spells:

 Spells                   Type           Power      Damage    Failure   Level
 Blink                    Tloc           18%        N/A       11%         2
 Lesser Beckoning         Tloc           18%        N/A       11%         2
 Teleport Other           Tloc           9%         N/A       21%         3
 Vhi's Electric Charge    Tloc/Air       10%        N/A       36%         3
 Manifold Assault         Tloc           9%         N/A       56%         4


Dungeon Overview and Level Annotations

Branches:
Dungeon (4/15)
 Temple: D:4-7

Altars:
Ru

Shops:
D:1 !


Innate Abilities, Weirdness & Mutations

You are too large for most types of armour.
You have tough skin. (AC +1)


Message History

The iguana barely misses you. x2
You barely miss the iguana.
The iguana is lightly wounded.
The iguana bites you.
You hit the iguana but do no damage.
The iguana is lightly wounded.
The iguana bites you!
You hit the iguana but do no damage.
The iguana is lightly wounded.
The iguana bites you.
You completely miss the iguana.
The iguana is lightly wounded.
The iguana closely misses you. The iguana bites you.
You are too injured to fight recklessly!
You are too injured to fight recklessly!
You hit the iguana.
The iguana is moderately wounded.
The iguana closely misses you.
You hit the iguana.
The iguana is heavily wounded.
The iguana bites you!
You closely miss the iguana.
The iguana is heavily wounded.
The iguana closely misses you.
You hit the iguana.
The iguana is severely wounded.
The iguana barely misses you. The iguana bites you.
* * * LOW HITPOINT WARNING * * *
You barely miss the iguana.
The iguana is severely wounded.
The iguana bites you.
* * * LOW HITPOINT WARNING * * *
You hit the iguana.
The iguana is severely wounded.
The iguana bites you.
* * * LOW HITPOINT WARNING * * *
You barely miss the iguana.
The iguana is severely wounded.
The iguana bites you!
You die...

# # # # ######### # #.####
#.......# # ## #....#
#.#####.#### ...#######.#
#####...........
#......)..####...............
###.#.....l@..####.....####.
#...#######.# ##...## #.
#....l.# ..# ##.## #.
<......#.# ##.# #.# ##.
###.###.. # #.. +#.#+ ##.. #.
#.. #...###...###... . ..#
........8....... ## ...
#...###...###... ..## +#.#+
##..


You could see an iguana.

Vanquished Creatures
  A hound (D:4)
  2 adders
  A worm (D:3)
  2 dart slugs
  4 orcs
  An endoplasm (D:4)
  4 giant cockroaches
  6 goblins
  12 hobgoblins
  8 jackals
  8 kobolds
  3 quokkas
  4 ball pythons
  8 bats
  5 frilled lizards
  A rat (D:1)
70 creatures vanquished.

Vanquished Creatures (others)
  A plant (D:3)
1 creature vanquished.

Grand Total: 71 creatures vanquished

Notes
Turn   | Place    | Note
-------+----------+-------------------------------------------
     0 | D:1      | jimonade the Ogre Warper began the quest for the Orb.
     0 | D:1      | Reached XP level 1. HP: 22/22 MP: 3/3
   297 | D:1      | Reached XP level 2. HP: 20/29 MP: 5/5
   842 | D:1      | Found Hommues's Distillery.
   860 | D:1      | Reached XP level 3. HP: 37/37 MP: 6/6
  1910 | D:2      | Reached XP level 4. HP: 45/45 MP: 7/7
  2297 | D:3      | Found a faded altar of an unknown god.
  3122 | D:3      | Found a sacrificial altar of Ru.
  3131 | D:3      | Identified the +5 dagger of Tisuleko {pain, rF+ rCorr Str-3
                  | Int+3}
  3312 | D:4      | Reached XP level 5. HP: 48/54 MP: 8/8
  3676 | D:4      | Slain by an iguana

Illustrated notes

Levels and vault maps discovered:
D:1:      dpeg_arrival_signposts, layout_basic, serial_shops, shop
D:2:      minmay_skewed_foursquare, layout_loops_ring,
          small_statue_intersection, kennysheep_crisscross
D:3:      layout_basic, nicolae_ru_path_of_blood,
          shapermc_ecumenical_altar_acropolis, serial_park_tiny_2
D:4:      cheibrodos_barr_body, layout_loops_ring, grunt_ministairs_8

Skill      XL: |  1  2  3 |
---------------+----------+-----
Maces & Flails | 2 3 |  3.7
Fighting       | 3 |  3.9
Throwing       | |  1.0
Dodging        | |  2.5
Stealth        | |  0.2
Spellcasting   | |  2.5
Translocations | |  2.9

Action                     |  1- 3 |  4- 6 || total
---------------------------+-------+-------++-------
  Melee: Mace              |   173 |   118 ||   291
 Armour: Robe              |    64 |    31 ||    95
  Dodge: Dodged            |    97 |    57 ||   154

Table legend: (Time is in decaauts)
 A = Elapsed time spent in this place.
 B = Non-inter-level travel time spent in this place.
 C = Inter-level travel time spent in this place.
 D = Time resting spent in this place.
 E = Time spent auto-exploring this place.
 F = Levels seen in this place.
 G = Mean time per level.
                   A        B        C        D        E       F      G
               +--------+--------+--------+--------+--------+-----+--------+
         Total |   3750 |   3570 |    180 |      0 |   2834 |   4 |  937.5 |
       Dungeon |   3750 |   3570 |    180 |      0 |   2834 |   4 |  937.5 |
               +--------+--------+--------+--------+--------+-----+--------+

Top non-repeatable levels by time:
     D:1: 1170 daAuts
     D:3: 1149 daAuts
     D:2: 992 daAuts
     D:4: 439 daAuts
